 Dungeon Crawl Stone Soup version 0.30-a0-728-gc68057be0a (webtiles) character file.

Game seed: 9155437522390960548

1579 Pooter the Cleaver (level 8, -3/71 HPs)
             Began as a Minotaur Fighter on Jan 30, 2023.
             Was a Follower of Okawaru.
             Slain by a hornet (9 damage)
             ... on level 7 of the Dungeon.
             The game lasted 00:24:22 (5542 turns).

Pooter the Cleaver (Minotaur Fighter)               Turns: 5542, Time: 00:24:22

Health: -3/71      AC:  8    Str: 23    XL:     8   Next: 60%
Magic:  7/7        EV: 10    Int:  5    God:    Okawaru [*.....]
Gold:   110        SH:  0    Dex: 12    Spells: 7/7 levels left

rFire   + . .      SeeInvis .    a - +0 battleaxe
rCold   . . .      Faith    .    (shield currently unavailable)
rNeg    . . .      Spirit   .    p - +2 ring mail {rF+}
rPois   .          Reflect  .    (helmet restricted)
rElec   .          Harm     .    g - scarf {+Inv}
rCorr   .          Rampage  .    y - +0 pair of gloves "Xireukhlu" {Dex+2}
Will    .....                    (no boots)
Stlth   +                        (no amulet)
HPRegen 0.31/turn                (no ring)
MPRegen 0.10/turn                (no ring)

@: mighty, lethally poisoned (-3 -> -6), slowed, very slow
A: horns 2, retaliatory headbutt
a: Renounce Religion, Evoke Invisibility, Heroism


You were on level 7 of the Dungeon.
You worshipped Okawaru.
Okawaru was aware of your devotion.
You visited 2 branches of the dungeon, and saw 8 of its levels.

You collected 302 gold pieces.
You spent 192 gold pieces at shops.

Inventory:

Hand Weapons
 a - a +0 battleaxe (weapon)
   (You found it on level 5 of the Dungeon)
 b - a +2 shortbow of freezing
   (You bought it in a shop on level 4 of the Dungeon)
 w - a +0 trident
   (You took it off an orc on level 3 of the Dungeon)
 A - a +0 war axe
 B - a +0 sling
   (You found it on level 2 of the Dungeon)
Missiles
 i - a curare-tipped dart
 v - 11 poisoned darts
 z - 3 atropa-tipped darts
 Q - 51 stones (quivered)
Armour
 c - a +0 buckler
 g - a scarf of invisibility (worn)
   (You found it on level 1 of the Dungeon)
 p - a +2 ring mail of fire resistance (worn)
   (You found it on level 3 of the Dungeon)
 q - a +0 chain mail
   (You found it on level 3 of the Dungeon)
 y - the +0 pair of gloves "Xireukhlu" (worn) {Dex+2}
   (You found it on level 4 of the Dungeon)

   Dex:       It affects your dexterity (+2).
Wands
 F - a wand of polymorph (6)
   (You found it on level 6 of the Dungeon)
Scrolls
 h - 2 scrolls of fog
 l - a scroll of summoning
 o - a scroll of fear {unknown}
 r - a scroll of vulnerability {unknown}
 s - a scroll of poison {!r}
 t - 2 scrolls of teleportation {@r4}
 x - 2 scrolls of immolation {!r}
 E - a scroll of amnesia {unknown}
Potions
 d - 4 potions of might
 e - 8 potions of curing {@q1}
 f - 2 potions of lignification {!q}
 j - a potion of degeneration {unknown}
 k - 2 potions of flight {unknown}
 m - 2 potions of resistance {unknown}
 n - a potion of heal wounds {unknown}
 u - a potion of mutation {unknown}
 C - a potion of ambrosia {unknown}
 D - a potion of magic {unknown}


   Skills:
 + Level 6.6 Fighting
 * Level 8.4 Axes
 * Level 5.8 Ranged Weapons
 - Level 3.6 Armour
 - Level 3.6 Shields
 + Level 3.9 Evocations


You had 7 spell levels left.
You didn't know any spells.
Your spell library contained the following spells:

 Spells                   Type           Power      Damage    Failure   Level
 Scorch                   Fire           0%         2d5       77%         2
 Vhi's Electric Charge    Tloc/Air       0%         N/A       94%         3
 Flame Wave               Conj/Fire      0%         2d4       100%        4
 Arcjolt                  Conj/Air       0%         1d10      100%        5
 Maxwell's Capacitive Co  Air            0%         ∞         100%        8
 Chain Lightning          Conj/Air       0%         N/A       100%        9
 Fire Storm               Conj/Fire      0%         5d1       100%        9
 Shatter                  Erth           0%         3d5*      100%        9
 Summon Cactus Giant      Summ           Unusable   N/A       N/A         6

Dungeon Overview and Level Annotations

Branches:
Dungeon (7/15)             Temple (1/1) D:5

Altars:
Elyvilon
Nemelex Xobeh
Okawaru
Qazlal
Sif Muna
Trog
Uskayaw
Vehumet
Xom
Yredelemnul
Zin
The Shining One

Shops:
D:4 (   D:5 :[

Portals:
Ossuary: D:7


Innate Abilities, Weirdness & Mutations

You have a pair of horns on your head.
You reflexively headbutt those who attack you in melee.


Message History

An orc is wielding a +0 club and quivering silver boomerangs.
The orc shouts! x3; You hear a shout!
An orc comes into view. It is wielding a +0 heavy hand axe.
The orc moves out of view.
You feel very mighty all of a sudden.
The hornet stings you but does no damage.
The hornet misses you.
A centaur comes into view. It is quivering poisoned darts.
You miss the hornet.
The centaur shouts!
The hornet stings you.
You feel yourself slow down.
The centaur wields a +0 shortbow.
The centaur shoots an arrow.
The arrow hits you.
You completely miss the hornet. The hornet stings you!
You suddenly lose the ability to move!
The hornet stings you but does no damage.
The orc throws a silver boomerang.
The silver boomerang hits you.
The centaur shoots an arrow.
The arrow hits you! The hornet stings you.
You are poisoned.
You feel as though you will be slow longer.
The orc throws a silver boomerang.
The silver boomerang completely misses you.
The orc hits you but does no damage.
The centaur shoots an arrow.
The arrow hits you!
* * * LOW HITPOINT WARNING * * *
You feel very sick. The hornet stings you.
* * * LOW HITPOINT WARNING * * *
You feel as though you will be slow longer.
The orc hits you but does no damage.
The hornet stings you but does no damage.
You can move again.
Unknown command.
You closely miss the hornet. You slash the orc!
You kill the orc!
Okawaru accepts your kill.
You feel very sick.
The hornet stings you but does no damage. x2
The centaur shoots an arrow.
The arrow hits you but does no damage.
The hornet stings you but does no damage.
Unknown command.
You barely miss the hornet. Your headbutt misses the hornet.
You hit the orc but do no damage.
You feel very sick. The hornet stings you!
* * * LOW HITPOINT WARNING * * *
You feel as though you will be slow longer.
The hornet stings you!
You die...

#..##.# .
########..##.###
................
##o.#.##.###
##.(#......†. .
######..##.#######
...##
#....o.###'#### #
.....o#)######
##...#...
.....oo@# #.>.#.>.
.....oyc# #...#.^.
......... ########
.........# ...#...
........## .∩.#.>.
........# ...#...
.......## ####
....... #


You could see a hornet, a centaur and 4 orcs.

Vanquished Creatures
  Menkaure (D:4)
  A black bear (D:5)
  An ogre (D:5)
  A centaur (D:5)
  A phantom (D:4)
  2 kobold brigands (D:6)
  2 bullfrogs
  2 necrophages
  2 scorpions
  A howler monkey (D:6)
  A crimson imp (D:4)
  3 jellies
  3 hounds
  An orc priest (D:4)
  2 iguanas
  3 orc wizards
  6 adders
  A shadow imp (D:5)
  3 white imps
  2 ufetubi
  4 worms
  A dart slug (D:5)
  18 orcs
  5 bats
  7 endoplasms
  3 giant cockroaches
  4 goblins
  4 hobgoblins
  5 jackals
  16 kobolds
  6 quokkas
  6 ball pythons
  5 frilled lizards
  2 goblin skeletons (D:4)
  A goblin zombie (D:4)
  2 hobgoblin zombies (D:4)
  A kobold skeleton (D:4)
  2 orc skeletons (D:4)
  2 orc zombies (D:4)
  7 rats
140 creatures vanquished.

Vanquished Creatures (others)
  4 plants (D:4)
4 creatures vanquished.

Grand Total: 144 creatures vanquished

Notes
Turn   | Place    | Note
-------+----------+-------------------------------------------
     0 | D:1      | Pooter the Minotaur Fighter began the quest for the Orb.
     0 | D:1      | Reached XP level 1. HP: 19/19 MP: 0/0
    57 | D:1      | Reached skill level 3 in Axes
    73 | D:1      | Reached XP level 2. HP: 24/27 MP: 1/1
   889 | D:2      | Reached XP level 3. HP: 33/33 MP: 2/2
   992 | D:2      | Found a basalt altar of Yredelemnul.
  1440 | D:3      | Reached skill level 4 in Axes
  1440 | D:3      | Reached skill level 1 in Evocations
  1440 | D:3      | Reached XP level 4. HP: 25/40 MP: 3/3
  1559 | D:3      | Reached skill level 1 in Ranged Weapons
  1581 | D:3      | Found a basalt altar of Yredelemnul.
  1779 | D:3      | Found a bloodstained altar of Trog.
  2000 | D:4      | Found a glowing golden altar of the Shining One.
  2014 | D:4      | Reached XP level 5. HP: 46/47 MP: 4/4
  2036 | D:4      | Found Yveibov's Antique Weapon Shoppe.
  2147 | D:4      | Noticed Menkaure
  2161 | D:4      | Killed Menkaure
  2162 | D:4      | Reached skill level 5 in Axes
  2162 | D:4      | Reached XP level 6. HP: 17/55 MP: 5/5
  2676 | D:4      | Reached skill level 5 in Fighting
  2690 | D:4      | Identified the +0 pair of gloves "Xireukhlu" {Dex+2}
  2774 | D:4      | Reached skill level 6 in Axes
  3576 | D:5      | Entered Level 5 of the Dungeon
  3727 | D:5      | Reached XP level 7. HP: 61/61 MP: 6/6
  3909 | D:5      | Found Lela Wujav's Armour Boutique.
  3951 | D:4      | Bought a glowing shortbow for 192 gold pieces
  4031 | D:5      | Found Saomnilo's Vocational Training.
  4177 | D:5      | Found a staircase to the Ecumenical Temple.
  4183 | D:5      | Reached skill level 7 in Axes
  4193 | Temple   | Entered the Ecumenical Temple
  4200 | Temple   | Became a worshipper of Warmaster Okawaru
  4620 | D:5      | Reached XP level 8. HP: 65/70 MP: 7/7
  4858 | D:6      | Reached skill level 5 in Ranged Weapons
  4907 | D:6      | Reached * piety under Okawaru
  5032 | D:6      | Reached skill level 8 in Axes
  5505 | D:7      | Found a sand-covered staircase.
  5534 | D:7      | Noticed a hornet
  5539 | D:7      | Paralysed by a hornet for 2 turns
  5542 | D:7      | Slain by a hornet

Illustrated notes

Levels and vault maps discovered:
D:1:      dpeg_arrival_rooms_b, layout_loops_ring,
          nicolae_concentric_dashed_squares_mild
D:2:      layout_loops_ring, basic_altar, minmay_misc_feat_tiny
D:3:      layout_loops_cross, trog_butcher_becter,
          mainiacjoe_overflow_cross_hatched
D:4:      layout_layer_cave, nicolae_tso_besieged_by_evil, serial_shops,
          nicolae_shop_overgrown_old_shop, uniq_menkaure
D:5:      kennysheep_six_static_rooms, layout_loops_cross,
          minmay_temple_entry_mini_moons, serial_shops,
          nicolae_shop_advertising_works [nicolae_subvault_shop_adworks],
          nicolae_shop_vocational
D:6:      layout_gridville
D:7:      layout_rooms, nicolae_ossuary_entry_false_entrances,
          minmay_crystal_room
Temple:   nicolae_temple_ecumenical_triangle

Skill      XL: |  1  2  3  4  5  6  7  8 |
---------------+-------------------------+-----
Axes           | 3 4 5 6 7 8 |  8.4
Fighting       | 4 5 6 |  6.6
Evocations     | 1 2 3 |  3.9
Ranged Weapons | 1 2 3 4 5 |  5.8
Armour         | |  3.6
Shields        | |  3.6

Action                     |  1- 3 |  4- 6 |  7- 9 || total
---------------------------+-------+-------+-------++-------
  Melee: War axe           |    60 |   109 |       ||   169
         Headbutt          |     8 |    24 |    14 ||    46
         Battleaxe         |       |     3 |    86 ||    89
   Fire: Sling             |       |     5 |       ||     5
         Shortbow          |       |       |    50 ||    50
    Use: Scroll            |     3 |     1 |     3 ||     7
         Potion            |       |       |     1 ||     1
 Armour: Scale mail        |    21 |       |       ||    21
         Ring mail         |     4 |    28 |    63 ||    95
  Dodge: Dodged            |    29 |    52 |    64 ||   145
  Block: Buckler           |    14 |    20 |       ||    34

Table legend: (Time is in decaauts)
 A = Elapsed time spent in this place.
 B = Non-inter-level travel time spent in this place.
 C = Inter-level travel time spent in this place.
 D = Time resting spent in this place.
 E = Time spent auto-exploring this place.
 F = Levels seen in this place.
 G = Mean time per level.
                   A        B        C        D        E       F      G
               +--------+--------+--------+--------+--------+-----+--------+
         Total |   5632 |   5392 |    240 |    488 |   3885 |   8 |  704.0 |
       Dungeon |   5617 |   5377 |    240 |    488 |   3885 |   7 |  802.4 |
        Temple |     14 |     14 |      0 |      0 |      0 |   1 |   14.0 |
               +--------+--------+--------+--------+--------+-----+--------+

Top non-repeatable levels by time:
     D:4: 1700 daAuts
     D:5: 1122 daAuts
     D:3: 723 daAuts
     D:6: 711 daAuts
     D:1: 692 daAuts
     D:2: 601 daAuts
     D:7: 66 daAuts
  Temple: 14 daAuts
